 Dungeon Crawl Stone Soup version 0.29.1-12-g30fa7ad0bf (webtiles) character file.

Game seed: 12273896685036788399

523364 wormed the Imperceptible (level 24, -17/130 HPs)
             Began as a Spriggan Hunter on Dec 28, 2022.
             Was the Champion of Okawaru.
             Demolished by a spriggan rider
             ... wielding a +0 spear
              (24 damage)
             ... on level 2 of the Depths on Dec 29, 2022.
             The game lasted 03:56:43 (70547 turns).

wormed the Imperceptible (Spriggan Hunter)         Turns: 70547, Time: 03:56:43

Health: -17/130    AC:  9    Str: 14    XL:     24   Next: 18%
Magic:  29/40      EV: 45    Int: 13    God:    Okawaru [******]
Gold:   255        SH:  0    Dex: 28    Spells: 15/47 levels left

rFire   + . .      SeeInvis +   J - +10 arbalest of Gahoh {penet, Contam rCorr Str+3}
rCold   + . .      Faith    .   (shield currently unavailable)
rNeg    + + .      Spirit   .   e - +5 robe of Night {Dark Will+ SInv}
rPois   +          Reflect  .   W - +1 hat "Yhacycha" {rC+ Dex+3 Slay+2 Stlth+}
rElec   +          Harm     .   R - +0 cloak "Nunieph" {rElec rN+ Int+3 Dex-3 Stlth+}
rCorr   +          Rampage  .   (gloves unavailable)
Will    +++++                   (boots unavailable) Stlth ********++
                                F - amulet "Ajogaxunt" {Acrobat rPois rN+ Stlth+}
HPRegen 0.31/turn               N - ring of Qeps {Wiz Will++ Str+4 Stlth-}
MPRegen 0.27/turn               C - ring of Shadows {Umbra +Inv Stlth+}

@: wreathed by umbra, studying 3 skills, very quick
A: very small, no large weapons, unfitting armour, see invisible, speed 3, dopey
1, fire resistance 1
}: 3/15 runes: barnacled, silver, gossamer
a: Renounce Religion, Evoke Invisibility, Heroism, Finesse, Duel


You were on level 2 of the Depths.
You worshipped Okawaru.
Okawaru was exalted by your worship.
You visited 9 branches of the dungeon, and saw 41 of its levels.
You also visited: Bailey.

You collected 5915 gold pieces.
You spent 5660 gold pieces at shops.

Inventory:

Hand Weapons
 J - the +10 arbalest of Gahoh (weapon) {penet, Contam rCorr Str+3}
   (You found it on level 4 of the Shoals)

   Any ammunition fired by it passes through the targets it hits, potentially
   hitting all targets in its path until it reaches maximum range.
   Str:       It affects your strength (+3).
   Contam:    It causes magical contamination when unequipped.
   rCorr:     It protects you from acid and corrosion.
Missiles
 A - a throwing net
Armour
 c - the +1 robe "Sewug" {Rampage rF+++ Int-5 Slay-2}
   (Okawaru gifted it to you on level 2 of the Lair of Beasts)

   Int:       It affects your intelligence (-5).
   Slay:      It affects your accuracy & damage with ranged weapons and melee
   (-2).
   rF:        It renders you almost immune to fire.
   Rampage:   It bestows one free step when moving towards enemies.
 e - the +5 robe of Night (worn) {Dark Will+ SInv}
   (You took it off a deep elf sorcerer on level 3 of the Elven Halls)

   It shrouds the wearer in darkness, reducing the range at which they can see
   and be seen by others.
   SInv:      It lets you see invisible.
   Will:      It increases your willpower.
 R - the +0 cloak "Nunieph" (worn) {rElec rN+ Int+3 Dex-3 Stlth+}
   (Okawaru gifted it to you on level 3 of the Vaults)

   Int:       It affects your intelligence (+3).
   Dex:       It affects your dexterity (-3).
   rElec:     It insulates you from electricity.
   rN:        It protects you from negative energy.
   Stlth:     It makes you more stealthy.
 T - the +2 robe "Xarphet" {+Blink rN+++ Dex-5 SInv}
   (Okawaru gifted it to you on level 4 of the Spider Nest)

   Dex:       It affects your dexterity (-5).
   rN:        It renders you almost immune to negative energy.
   SInv:      It lets you see invisible.
   +Blink:    It lets you blink.
 V - the +1 robe of Untruth {rF- rC++ Str+4}
   (Okawaru gifted it to you on level 13 of the Dungeon)

   Str:       It affects your strength (+4).
   rF:        It makes you vulnerable to fire.
   rC:        It greatly protects you from cold.
 W - the +1 hat "Yhacycha" (worn) {rC+ Dex+3 Slay+2 Stlth+}
   (You acquired it on level 3 of the Elven Halls)

   Dex:       It affects your dexterity (+3).
   Slay:      It affects your accuracy & damage with ranged weapons and melee
   (+2).
   rC:        It protects you from cold.
   Stlth:     It makes you more stealthy.
Jewellery
 q - a ring of flight
 r - a ring of protection from cold
 s - a ring of willpower
 C - the ring of Shadows (right hand) {Umbra +Inv Stlth+}
   (You took it off a yaktaur captain on level 5 of the Vaults)

   [ring of stealth]

   It surrounds you with an aura of shadow, increasing your stealth and reducing
   the accuracy of all others within it.
   +Inv:      It lets you turn invisible.
   Stlth:     It makes you more stealthy.
 F - the amulet "Ajogaxunt" (around neck) {Acrobat rPois rN+ Stlth+}
   (You took it off a deep elf high priest on level 3 of the Elven Halls)

   [amulet of the acrobat]

   It increases your evasion while moving and waiting.
   rPois:     It protects you from poison.
   rN:        It protects you from negative energy.
   Stlth:     It makes you more stealthy.
 N - the ring of Qeps (left hand) {Wiz Will++ Str+4 Stlth-}
   (You took it off a yaktaur on level 5 of the Vaults)

   [ring of wizardry]

   It improves your spell success rate.
   Str:       It affects your strength (+4).
   Will:      It greatly increases your willpower.
   Stlth:     It makes you less stealthy.
 S - a ring of positive energy
 Y - a ring of protection from fire
Wands
 n - a wand of mindburst (25)
 w - a wand of roots (53)
 y - a wand of acid (53)
 E - a wand of digging (11)
 I - a wand of polymorph (11)
 O - a wand of flame (84)
Scrolls
 b - 9 scrolls of immolation
 f - 19 scrolls of teleportation
 i - 15 scrolls of enchant weapon
 m - 10 scrolls of poison
 p - 8 scrolls of amnesia
 u - 4 scrolls of silence
 v - 9 scrolls of enchant armour
 x - 5 scrolls of torment
 D - 4 scrolls of fear
 G - 4 scrolls of magic mapping
 P - 5 scrolls of vulnerability
 Q - 3 scrolls of brand weapon
Potions
 a - a potion of flight
 d - 4 potions of lignification
 g - 12 potions of attraction
 j - 7 potions of invisibility
 k - 7 potions of mutation
 o - 8 potions of might
 t - 9 potions of berserk rage
 z - 6 potions of haste
 K - 5 potions of ambrosia
 L - a potion of curing
 M - 7 potions of brilliance
 X - 4 potions of magic
Miscellaneous
 l - a condenser vane
 Z - a tin of tremorstones (2/2)


   Skills:
 + Level 14.5 Fighting
 + Level 19.0 Ranged Weapons
 + Level 21.4 Dodging
 + Level 23.8 Stealth
 - Level 7.2 Shields
 - Level 12.0 Spellcasting
 - Level 16.0 Translocations
 - Level 14.0 Transmutations
 - Level 13.0 Earth Magic
 - Level 12.0 Invocations
 - Level 15.0 Evocations


You had 15 spell levels left.
You knew the following spells:

 Your Spells              Type           Power      Damage    Failure   Level
a - Blink                 Tloc           98%        N/A       0%          2
b - Dispersal             Tloc           24%        N/A       1%          6
c - Wereblood             Tmut           44%        N/A       1%          2
d - Passwall              Tmut/Erth      35%        N/A       1%          2
e - Statue Form           Tmut/Erth      28%        N/A       2%          6
f - Apportation           Tloc           98%        N/A       0%          1
g - Petrify               Tmut/Erth      42%        N/A       1%          4
h - Lee's Rapid Deconstr  Erth           20%        3d13*     1%          5
i - Passage of Golubria   Tloc           49%        N/A       1%          4

Your spell library contained the following spells:

 Spells                   Type           Power      Damage    Failure   Level
 Beastly Appendage        Tmut           88%        N/A       1%          1
 Sting                    Tmut/Pois      100%       1d8       1%          1
 Gell's Gravitas          Tloc           49%        N/A       1%          3
 Lesser Beckoning         Tloc           49%        N/A       1%          3
 Spider Form              Tmut/Pois      26%        N/A       1%          3
 Teleport Other           Tloc           49%        N/A       1%          3
 Ice Form                 Ice/Tmut       26%        N/A       1%          4
 Iskenderun's Mystic Bla  Conj/Tloc      28%        2d7       1%          4
 Manifold Assault         Tloc           49%        N/A       1%          5
 Leda's Liquefaction      Hex/Erth       12%        N/A       2%          4
 Freeze                   Ice            28%        1d5       3%          1
 Magic Dart               Conj           28%        1d4       3%          1
 Necrotise                Necr           28%        1d5       3%          1
 Shock                    Conj/Air       28%        1d4       3%          1
 Slow                     Hex            28%        N/A       3%          1
 Ensorcelled Hibernation  Hex/Ice        14%        N/A       6%          2
 Poisonous Vapours        Pois/Air       14%        N/A       6%          2
 Scorch                   Fire           14%        2d5       6%          2
 Sublimation of Blood     Necr           7%         N/A       6%          2
 Alistair's Intoxication  Tmut/Pois      17%        N/A       6%          5
 Yara's Violent Unravell  Hex/Tmut       13%        3d7       6%          5
 Dragon Form              Tmut           22%        N/A       10%         7
 Dazzling Flash           Conj/Hex       14%        N/A       11%         3
 Frozen Ramparts          Ice            14%        1d3       11%         3
 Mephitic Cloud           Conj/Pois/Air  7%         N/A       11%         3
 Ozocubu's Armour         Ice            7%         N/A       11%         3
 Swiftness                Air            7%         N/A       11%         3
 Airstrike                Air            3%         2d(1-17)  32%         4
 Anguish                  Hex/Necr       3%         N/A       32%         4
 Cause Fear               Hex            3%         N/A       32%         4
 Corpse Rot               Necr/Pois/Air  7%         N/A       32%         4
 Flame Wave               Conj/Fire      7%         2d5       32%         4
 Fulminant Prism          Conj/Hex       3%         3d6       32%         4
 Hailstorm                Conj/Ice       7%         3d4       32%         4
 Olgreb's Toxic Radiance  Pois           7%         N/A       32%         4
 Sticky Flame             Conj/Fire      7%         2d3       32%         4
 Agony                    Necr           7%         N/A       65%         5
 Metabolic Englaciation   Hex/Ice        3%         N/A       65%         5
 Silence                  Hex/Air        3%         N/A       65%         5
 Storm Form               Tmut/Air       13%        N/A       83%         7
 Enfeeble                 Hex            3%         N/A       100%        7
 Ozocubu's Refrigeration  Ice            3%         4d8       100%        7
 Summon Small Mammal      Summ           Unusable   N/A       N/A         1
 Call Imp                 Summ           Unusable   N/A       N/A         2
 Tukima's Dance           Hex            Unusable   N/A       N/A         3
 Summon Ice Beast         Ice/Summ       Unusable   N/A       N/A         4
 Malign Gateway           Summ/Tloc      Unusable   N/A       N/A         7
 Summon Cactus Giant      Summ           Unusable   N/A       N/A         6
 Summon Hydra             Summ           Unusable   N/A       N/A         7
 Dragon's Call            Summ           Unusable   N/A       N/A         9

Dungeon Overview and Level Annotations

Branches:
Dungeon (15/15)            Temple (1/1) D:5            Lair (5/5) D:10
 Shoals (4/4) Lair:2       Spider (4/4) Lair:2        Slime (0/5) Lair:4
    Orc (2/2) D:9             Elf (3/3) Orc:2        Vaults (5/5) D:13
  Crypt (0/3) Vaults:2     Depths (2/4) D:15         Bailey (visited)

Altars:
Ashenzari
Cheibriados
Dithmenos
Elyvilon
Fedhas
Gozag
Hepliaklqana
Kikubaaqudgha
Makhleb
Nemelex Xobeh
Okawaru
Qazlal
Ru
Sif Muna
Trog
Uskayaw
Vehumet
Wu Jian
Xom
Yredelemnul
Zin
The Shining One

Shops:
D:3 (   D:4 !   D:8 ?   D:9 *   D:14 [   Orc:1 [   Orc:2 [(:*   Shoals:2 *
Shoals:3 =   Depths:1 :   Depths:2 :*(=

Portals:
Hell: Depths:1
Pandemonium: Depths:1
Ziggurat: Depths:1
Trove: D:13 (give +8 demon blade)

Annotations:
Lair:1 1 exclusion
Spider:3 LustLizard's ghost, adept SpHu


Innate Abilities, Weirdness & Mutations

You are very small and have problems with some larger weapons.
You are too small for most types of armour.
You have supernaturally acute eyesight. (SInv)
You cover ground extremely quickly. (Speed+++)
You are dopey. (Int -2)
Your flesh is heat resistant. (rF+)


Message History

The spriggan defender is heavily wounded.
The spriggan berserker mumbles some strange prayers to Trog.
You shoot a bolt. The bolt pierces through the elephant!!
The elephant is lightly wounded.
The bolt pierces through the spriggan berserker.
You kill the spriggan berserker!
Okawaru accepts your kill.
The elephant is no longer berserk.
The elephant disappears in a puff of smoke!
You shoot a bolt. The bolt misses the spriggan defender.
The bolt closely misses the spriggan rider.
You shoot a bolt.
The bolt pierces through the spriggan defender!
The spriggan defender is severely wounded.
The spriggan defender completely misses you. x2
Casting: Dispersal (mildly dangerous; 1% risk of failure)
Confirm with . or Enter, or press ? or * to list all spells.
Casting: Dispersal (mildly dangerous; 1% risk of failure)
Press: ? - help, Dir - look around, f - activate The spriggan defender blinks! x2; The spriggan rider blinks!
You shoot a bolt.
The bolt pierces through the spriggan defender!!
The spriggan defender is heavily wounded.
The spriggan defender hits you with a +1 flail of protection!
You shoot a bolt.
The bolt pierces through the spriggan defender.
The spriggan defender is heavily wounded.
The spriggan rider seems less confused.
The spriggan defender hits you with a +1 flail of protection!! x2
Casting: Dispersal (mildly dangerous; 1% risk of failure)
Confirm with . or Enter, or press ? or * to list all spells.
Casting: Dispersal (mildly dangerous; 1% risk of failure)
Press: ? - help, Dir - look around, f - activate The spriggan defender blinks! x3
The spriggan defender hits you with a +1 flail of protection!!
* * * LOW HITPOINT WARNING * * *
The spriggan rider throws a stone.
The stone hits you!!
* * * LOW HITPOINT WARNING * * *
The spriggan rider hits you from afar with a +0 spear!!
You die...

#########
#.......#
#.......#
#.......#
#.i.....#
#.§@....#
#i.§....#
..'§.i....#
).#.......#
. #..i....#
#......[#


You could see 2 spriggan defenders and 2 spriggan riders.

Vanquished Creatures
  A dread lich (Vaults:5)
  Mara (Spider:4)
  A golden dragon (Vaults:5)
  The ghost of Duxuir the Slayer, an adept MiBe of Trog (Depths:1)
  A tentacled monstrosity (Vaults:5)
  Rupert (D:14)
  Jorgrun (Shoals:3)
  A hellephant (Depths:1)
  Mlioglotl (Shoals:1)
  Asterion (Elf:2)
  4 titans (Vaults:5)
  2 deep elf blademasters (Elf:3)
  2 deep elf master archers (Elf:3)
  Gastronok (Lair:1)
  Polyphemus (Shoals:2)
  3 sphinxes (Vaults:5)
  Donald (Shoals:1)
  A kraken (Shoals:4)
  A storm dragon (Vaults:5)
  2 shadow dragons (Vaults:5)
  Ilsuiw (Shoals:2)
  3 tengu reavers
  5 fire giants
  An orc warlord (Orc:2)
  2 frost giants
  An iron dragon (Vaults:5)
  4 ghost moths
  6 emperor scorpions
  3 deep elf sorcerers (Elf:3)
  17 vault wardens
  Aizul (Shoals:2)
  Louise (Shoals:2)
  3 deep elf elementalists
  24 ironbound preservers
  6 broodmothers
  19 very ugly things
  15 stone giants
  3 war gargoyles
  4 ironbound thunderhulks
  10 deep elf demonologists
  An eleionoma (shapeshifter) (Vaults:5)
  6 entropy weavers
  6 deep elf annihilators
  4 spark wasps
  9 dire elephants
  5 deep elf death magi (Elf:3)
  A fire dragon (Depths:1)
  2 crystal guardians
  5 great orbs of eyes
  8 ettins
  2 merfolk javelineers (Shoals:4)
  Josephine (D:13)
  17 yaktaur captains
  6 merfolk impalers
  31 vault guards
  6 deep elf high priests
  Erolcha (D:9)
  5 boulder beetles
  13 hydras
  An ice dragon (Depths:1)
  3 peacekeepers
  2 rakshasas (Depths:1)
  A two-headed ogre (D:11)
  2 alligator snapping turtles
  3 merfolk avatars
  6 ironbound frosthearts
  2 radroaches
  21 centaur warriors
  14 merfolk aquamancers
  2 ogre magi (Vaults:5)
  3 catoblepae
  2 death knights (Vaults:2)
  2 jorogumos (Spider:4)
  2 satyrs
  A death scarab (Spider:3)
  An alligator (Shoals:1)
  13 death yaks
  31 dancing weapons
  A deep troll shaman (Depths:1)
  A deep troll earth mage (Depths:1)
  A vampire mage (Depths:1)
  7 hell hogs (Depths:1)
  A tengu warrior (Depths:1)
  A spriggan berserker (Depths:2)
  23 deep elf knights
  2 orc high priests (Orc:2)
  Sonja (D:13)
  Urug (D:11)
  4 hell knights (Depths:2)
  5 pharaoh ants
  2 spectral death yaks (Lair:5)
  A sun moth (Spider:1)
  An iron troll (Depths:1)
  A spark wasp zombie (Depths:1)
  2 glowing orange brains
  4 skeletal warriors (D:14)
  17 sea snakes
  A spectral anaconda (Lair:5)
  An obsidian statue (Lair:5)
  A tengu zombie (Depths:1)
  60 deep trolls
  25 deep elf archers
  12 orb spiders
  7 steelbarb worms
  11 ironbound convokers
  9 lindwurms
  4 wizards
  6 necromancers
  21 harpies
  2 phantasmal warriors (Vaults:5)
  37 deep elf zephyrmancers
  6 orc sorcerers
  44 deep elf pyromancers
  A shining eye (shapeshifter) (Depths:1)
  10 orc knights
  38 ugly things
  5 cyclopes
  12 fauns
  2 spectral boulder beetles (D:12)
  26 wolf spiders
  A wolf spider (shapeshifter) (Vaults:5)
  2 moths of wrath (Spider:4)
  20 elephants
  A shadow dragon skeleton (Depths:1)
  15 manticores
  A spectral centaur (D:12)
  Maurice (D:9)
  13 merfolk sirens
  4 centaur zombies (D:12)
  16 vault sentinels
  6 black mambas
  3 gargoyles
  A dire elephant zombie (Lair:5)
  4 torpor snails
  2 centaur skeletons (D:12)
  Joseph (D:8)
  11 cane toads
  6 water nymphs
  An eye of devastation (shapeshifter) (Vaults:5)
  2 kobold demonologists (D:13)
  An unseen horror (D:13)
  2 freezing wraiths (Vaults:5)
  5 demonic crawlers
  Psyche (D:11)
  41 yaktaurs
  7 rime drakes
  3 tengu conjurers
  4 komodo dragons
  13 trolls
  A meliai (shapeshifter) (D:14)
  6 wind drakes
  A hornet (shapeshifter) (D:15)
  24 tarantellas
  16 merfolk
  2 hornets (D:9)
  Prince Ribbit (D:5)
  30 blink frogs
  29 slime creatures
  A polar bear (Lair:1)
  10 snapping turtles
  2 spectral elephants (Lair:5)
  9 dream sheep
  19 jumping spiders
  A culicivora (shapeshifter) (Vaults:5)
  11 flying skulls
  2 centaur simulacra (D:12)
  27 culicivoras
  A spectral black mamba (D:12)
  46 yaks
  6 shadows
  A dire elephant simulacrum (Lair:5)
  11 wraiths
  13 wyverns
  7 air elementals
  2 vampires
  6 fire elementals
  A fire bat (shapeshifter) (Vaults:2)
  15 water elementals
  7 basilisks
  A steam dragon (Lair:2)
  35 redbacks
  A death yak simulacrum (Lair:5)
  8 wargs
  17 vampire mosquitoes
  Menkaure (D:6)
  2 acid dragons
  3 hell hounds
  13 water moccasins
  A floating eye (Depths:1)
  Duvessa (D:6)
  A floating eye (shapeshifter) (Elf:1)
  42 orc warriors
  A sky beast (D:8)
  14 ogres
  4 black bears
  A boulder beetle simulacrum (D:12)
  The ghost of xzight the Grasshopper, an amateur GnWr (D:3)
  A black mamba simulacrum (D:12)
  7 boggarts
  16 wolves
  2 elephant skeletons (Lair:5)
  14 centaurs
  2 phantoms
  4 kobold brigands
  10 bullfrogs
  3 necrophages
  Blork the orc (D:4)
  10 scorpions
  A cane toad simulacrum (Lair:5)
  7 earth elementals
  Dowan (D:6)
  22 wights
  An elephant simulacrum (Lair:5)
  8 killer bees
  An electric eel (Lair:3)
  2 howler monkeys
  4 jellies
  9 orc priests
  A gnoll bouda (D:5)
  5 hounds
  5 iguanas
  Terence (D:3)
  27 orc wizards
  5 hell rats
  A boggart skeleton (D:12)
  Robin (D:4)
  7 gnolls
  6 adders
  A shadow imp (D:7)
  4 white imps
  An ufetubus (D:3)
  5 worms
  10 dart slugs
  93 orcs
  9 ball pythons
  12 endoplasms
  3 giant cockroaches
  20 goblins
  14 hobgoblins
  3 quokkas
  9 bats
  2 frilled lizards (D:3)
  14 kobolds
  12 rats
  A spectral goblin (D:7)
  A tentacle (Shoals:4)
1857 creatures vanquished.

Vanquished Creatures (others)
  A merfolk aquamancer (Shoals:4)
  A deep elf zephyrmancer (Elf:3)
  2 water elementals (Elf:1)
  52 fungi
  67 plants
  7 tentacles (Shoals:4)
  24 withered plants
154 creatures vanquished.

Grand Total: 2011 creatures vanquished

Notes
Turn   | Place    | Note
-------+----------+-------------------------------------------
     0 | D:1      | wormed the Spriggan Hunter began the quest for the Orb.
     0 | D:1      | Reached XP level 1. HP: 10/10 MP: 2/2
   359 | D:1      | Reached skill level 2 in Stealth
   390 | D:1      | Reached XP level 2. HP: 15/15 MP: 3/3
   947 | D:2      | Reached XP level 3. HP: 18/18 MP: 4/4
  1242 | D:2      | Found a faded altar of an unknown god.
  1502 | D:3      | Found Igazxuph's Weapon Shoppe.
  1560 | D:3      | Reached skill level 3 in Stealth
  1576 | D:3      | Reached XP level 4. HP: 23/23 MP: 5/5
  1748 | D:3      | Noticed Terence
  1885 | D:3      | Killed Terence
  1902 | D:3      | Found a runed translucent gate.
  1902 | D:3      | Found a runed translucent gate.
  1904 | D:3      | Found a runed translucent gate.
  1910 | D:3      | Noticed xzight's ghost (amateur GnWr)
  2010 | D:3      | Killed xzight's ghost
  2011 | D:3      | Reached skill level 5 in Ranged Weapons
  2011 | D:3      | Reached skill level 4 in Stealth
  2011 | D:3      | Reached XP level 5. HP: 27/27 MP: 6/6
  2174 | D:3      | Reached XP level 6. HP: 32/32 MP: 7/7
  2258 | D:3      | Found a broken altar of Ashenzari.
  2380 | D:4      | Noticed Robin
  2384 | D:4      | Noticed Blork the orc
  2427 | D:4      | Identified the +4 dagger of Fortitude {venom, Dex+4}
  2758 | D:4      | Found a shadowy altar of Dithmenos.
  2885 | D:3      | Gained mutation: You are dopey. (Int -2) [potion of
                  | mutation]
  2885 | D:3      | Gained mutation: Your flesh is heat resistant. (rF+)
                  | [potion of mutation]
  3166 | D:4      | Reached skill level 5 in Stealth
  3717 | D:4      | Found a shimmering altar of Xom.
  3750 | D:4      | Killed Robin
  4009 | D:4      | Identified the +4 leather armour "Feh Apow" {rCorr}
  4014 | D:4      | Found Tetwuefu's Distillery.
  4025 | D:4      | Reached skill level 5 in Dodging
  4025 | D:4      | Reached XP level 7. HP: 33/36 MP: 8/8
  4300 | D:4      | Killed Blork the orc
  4301 | D:4      | Reached skill level 6 in Stealth
  4398 | D:5      | Entered Level 5 of the Dungeon
  4411 | D:5      | Noticed Prince Ribbit
  4420 | D:5      | HP: 1/37 [Prince Ribbit (18)]
  4450 | D:5      | HP: 1/37 [scorpion (7)]
  4971 | D:4      | Reached XP level 8. HP: 30/42 MP: 9/9
  5586 | D:5      | Reached skill level 7 in Stealth
  5846 | D:5      | Found a burning altar of Makhleb.
  5996 | D:6      | Noticed Duvessa
  5996 | D:6      | Noticed Dowan
  6001 | D:5      | Found a staircase to the Ecumenical Temple.
  6010 | Temple   | Entered the Ecumenical Temple
  6189 | Temple   | Became a worshipper of Warmaster Okawaru
  6436 | D:5      | Killed Prince Ribbit
  6455 | D:5      | Reached * piety under Okawaru
  6456 | D:5      | Reached skill level 8 in Stealth
  7084 | D:6      | Reached XP level 9. HP: 46/46 MP: 10/10
  7632 | D:6      | Killed Duvessa
  7660 | D:6      | Killed Dowan
  8469 | D:6      | Reached skill level 5 in Fighting
  8629 | D:6      | Reached skill level 9 in Stealth
  8640 | D:6      | Noticed Menkaure
  8645 | D:6      | Killed Menkaure
  8824 | D:6      | Reached ** piety under Okawaru
  9278 | D:6      | HP: 1/47 [wyvern (19)]
 10716 | D:7      | Found a hazy altar of Hepliaklqana.
 11009 | D:7      | Found a white marble altar of Elyvilon.
 11247 | D:7      | Found a flagged portal.
 11299 | Bailey   | Entered a bailey
 11583 | Bailey   | Reached skill level 10 in Stealth
 12014 | Bailey   | Reached skill level 10 in Ranged Weapons
 12014 | Bailey   | Reached XP level 10. HP: 52/52 MP: 11/11
 12240 | Bailey   | Noticed an orc knight
 12240 | Bailey   | Noticed an orc knight
 12240 | Bailey   | Noticed an orc knight
 12293 | Bailey   | Killed an orc knight
 12293 | Bailey   | Reached *** piety under Okawaru
 12360 | Bailey   | Killed an orc knight
 12663 | Bailey   | Killed an orc knight
 12762 | Bailey   | Reached skill level 11 in Stealth
 12808 | Bailey   | Acquired the +6 shortbow "Spriggan's Regret" {freeze, rF+
                  | rCorr}
 12812 | Bailey   | Acquired a +2 cloak of preservation
 12915 | D:7      | Reached **** piety under Okawaru
 13290 | D:8      | Found Kitwestru's Magic Scroll Shop.
 13296 | D:8      | Reached skill level 10 in Dodging
 13355 | D:8      | Learned a level 6 spell: Dispersal
 13398 | D:8      | Found a shimmering blue altar of Sif Muna.
 13426 | D:8      | Found an opulent altar of Gozag.
 13477 | D:8      | Found an ancient bone altar of Kikubaaqudgha.
 13805 | D:8      | Reached ***** piety under Okawaru
 13806 | D:8      | Reached skill level 1 in Translocations
 13807 | D:8      | Noticed Joseph
 13814 | D:8      | Reached skill level 1 in Evocations
 13818 | D:8      | Killed Joseph
 13818 | D:8      | Received a gift from Okawaru
 13819 | D:8      | Reached skill level 1 in Spellcasting
 13819 | D:8      | Reached XP level 11. HP: 48/58 MP: 11/13
 14011 | D:9      | Reached skill level 1 in Invocations
 14074 | D:9      | Noticed Maurice
 14103 | D:9      | Killed Maurice
 14213 | D:9      | Found a staircase to the Orcish Mines.
 14698 | D:9      | Found a blossoming altar of Fedhas.
 14749 | D:9      | Reached skill level 12 in Stealth
 14824 | D:9      | Found a basalt altar of Yredelemnul.
 14911 | D:9      | Found Akianud's Assorted Antiques.
 14920 | D:9      | Bought a scroll labelled HESO OSCHEZUICW for 21 gold pieces
 14920 | D:9      | Bought a scroll labelled HESO OSCHEZUICW for 21 gold pieces
 14920 | D:9      | Bought a fine robe for 119 gold pieces
 14920 | D:9      | Identified the +2 robe of Gluttony {Harm Dex+4} (You bought
                  | it in a shop on level 9 of the Dungeon)
 15042 | D:9      | Noticed Erolcha
 15050 | D:9      | Killed Erolcha
 15364 | D:10     | Entered Level 10 of the Dungeon
 15622 | D:10     | Found a staircase to the Lair.
 15654 | D:10     | Noticed a five-headed hydra
 15673 | D:10     | Killed a five-headed hydra
 15839 | D:10     | Found a sparkling altar of Nemelex Xobeh.
 16215 | D:11     | Received a gift from Okawaru
 16315 | D:11     | Identified the +2 buckler of the Harvest Moon {+Blink}
                  | (Okawaru gifted it to you on level 11 of the Dungeon)
 16315 | D:11     | Received a gift from Okawaru
 16343 | D:11     | Found a transporter.
 16346 | D:11     | Found a transporter.
 16537 | D:11     | Noticed Psyche
 16567 | D:11     | Killed Psyche
 16600 | D:11     | Noticed a boulder beetle
 16667 | Lair:1   | Entered Level 1 of the Lair of Beasts
 16686 | D:10     | Reached XP level 12. HP: 52/63 MP: 14/19
 16716 | Lair:1   | Reached skill level 5 in Translocations
 16822 | Lair:1   | Noticed Gastronok
 16834 | Lair:1   | Killed Gastronok
 16835 | Lair:1   | Reached skill level 13 in Stealth
 16912 | Lair:1   | Noticed a catoblepas
 16918 | Lair:1   | Killed a catoblepas
 16924 | Lair:1   | Reached ****** piety under Okawaru
 16925 | Lair:1   | Reached skill level 5 in Evocations
 17034 | Lair:1   | Found a burning altar of Makhleb.
 17294 | Lair:1   | Reached skill level 5 in Spellcasting
 18034 | Lair:2   | Noticed a death yak
 18041 | Lair:2   | Noticed a death yak
 18056 | Lair:2   | Killed a death yak
 18056 | Lair:2   | Identified the +1 robe "Sewug" {Rampage rF+++ Int-5 Slay-2}
                  | (Okawaru gifted it to you on level 2 of the Lair of Beasts)
 18056 | Lair:2   | Received a gift from Okawaru
 18059 | Lair:2   | Noticed a death yak
 18061 | Lair:2   | Noticed a death yak
 18083 | Lair:2   | Killed a death yak
 18119 | Lair:2   | Killed a death yak
 18181 | Lair:2   | Killed a death yak
 18242 | Lair:2   | You fall into a shaft and drop 1 floor!
 18263 | Lair:3   | Noticed a four-headed hydra
 18388 | Lair:2   | Reached XP level 13. HP: 62/68 MP: 22/22
 18624 | Lair:2   | Found a staircase to the Shoals.
 18626 | Lair:2   | Reached skill level 5 in Invocations
 18642 | Lair:2   | Reached skill level 14 in Stealth
 18856 | Lair:2   | Found a hole to the Spider Nest.
 20208 | Lair:4   | Identified the +7 battleaxe of the Brewing Spider {drain,
                  | rF+ Str+2}
 20238 | Lair:4   | Received a gift from Okawaru
 20401 | Lair:4   | Found a staircase to the Slime Pits.
 20758 | Lair:5   | Entered Level 5 of the Lair of Beasts
 20823 | Lair:5   | Identified the +1 ring mail of Dyquferol {rPois}
 20902 | Lair:5   | Identified the +1 hat of Hangman {rF+} (Okawaru gifted it
                  | to you on level 5 of the Lair of Beasts)
 20902 | Lair:5   | Received a gift from Okawaru
 21034 | Lair:5   | Reached XP level 14. HP: 74/74 MP: 24/24
 21388 | Lair:5   | Reached skill level 15 in Stealth
 22457 | Lair:5   | Identified the +7 shortbow of Eloviops {freeze, rC+ Str+5
                  | Int+4 SInv}
 23305 | Lair:5   | Identified the +7 mace of Isioplos {venom, Str+4}
 24175 | D:11     | Received a gift from Okawaru
 24176 | D:11     | Reached skill level 10 in Translocations
 24308 | D:11     | Found a transporter.
 24407 | D:11     | Noticed Urug
 24414 | D:11     | Killed Urug
 24420 | D:11     | Found a transporter.
 24421 | D:11     | Found a transporter.
 24495 | D:11     | Found a transporter.
 24882 | D:12     | Reached skill level 15 in Ranged Weapons
 25162 | D:12     | Identified the +7 shortbow of the Sage {flame, rF+}
                  | (Okawaru gifted it to you on level 12 of the Dungeon)
 25162 | D:12     | Received a gift from Okawaru
 25552 | D:12     | Found a basalt altar of Yredelemnul.
 25559 | D:12     | Reached XP level 15. HP: 79/79 MP: 25/27
 25597 | D:12     | Reached skill level 16 in Stealth
 25834 | D:13     | Noticed Josephine
 26130 | D:13     | Killed Josephine
 26403 | D:13     | Noticed Sonja
 26418 | D:13     | Killed Sonja
 26427 | D:13     | Found a gate to the Vaults.
 26510 | D:13     | Identified the +1 robe of Untruth {rF- rC++ Str+4} (Okawaru
                  | gifted it to you on level 13 of the Dungeon)
 26510 | D:13     | Received a gift from Okawaru
 26572 | D:13     | Reached skill level 10 in Evocations
 26903 | D:13     | Found a portal to a secret trove of treasure.
 27224 | D:15     | Entered Level 15 of the Dungeon
 27557 | D:15     | Found a staircase to the Depths.
 27557 | D:15     | Noticed a fire giant
 27588 | D:15     | Killed a fire giant
 27724 | D:15     | Identified the +11 quarterstaff of the Hills {elec, rPois
                  | Will- Int+2 Stlth+}
 27833 | D:15     | Found a gate leading to a gauntlet.
 28641 | D:14     | Found Zeuzeitarghy's Armour Shop.
 28657 | D:14     | Noticed Rupert
 28717 | D:14     | Killed Rupert
 28970 | D:14     | Received a gift from Okawaru
 29401 | D:14     | Reached skill level 17 in Stealth
 29683 | Orc:1    | Entered Level 1 of the Orcish Mines
 29901 | Orc:2    | Entered Level 2 of the Orcish Mines
 30246 | Orc:2    | Found Rousia's Antique Armour Shoppe.
 30275 | Orc:2    | Reached XP level 16. HP: 85/85 MP: 29/29
 30293 | Orc:2    | Found Neonuu's Book Shoppe.
 30607 | Orc:2    | Bought a book of Spatial Translocations for 312 gold pieces
 30610 | Orc:2    | Learned a level 2 spell: Blink
 30660 | Orc:2    | Found Kihoopne's General Store.
 31066 | Orc:2    | Found Taost's Antique Weapon Shoppe.
 31067 | Orc:2    | Found a staircase to the Elven Halls.
 31158 | Orc:2    | Identified the +1 robe of the Arcane {Contam Rampage rElec
                  | Stlth+} (Okawaru gifted it to you on level 2 of the Orcish
                  | Mines)
 31158 | Orc:2    | Received a gift from Okawaru
 31673 | Orc:1    | Reached skill level 10 in Fighting
 31673 | Orc:1    | Reached skill level 15 in Dodging
 31753 | Orc:1    | Found Zun Kutu's Armour Shop.
 32084 | Spider:1 | Entered Level 1 of the Spider Nest
 33585 | Spider:2 | You fall into a shaft and drop 1 floor!
 33648 | Spider:3 | Found a runed translucent gate.
 33649 | Spider:3 | Found a runed translucent gate.
 33650 | Spider:3 | Found a runed translucent gate.
 33651 | Spider:3 | Noticed LustLizard's ghost (adept SpHu)
 34643 | Spider:2 | Identified the +3 buckler of Spite {Dex+5} (Okawaru gifted
                  | it to you on level 2 of the Spider Nest)
 34643 | Spider:2 | Received a gift from Okawaru
 34946 | Spider:3 | Reached skill level 1 in Shields
 36975 | Spider:4 | Entered Level 4 of the Spider Nest
 37190 | Spider:4 | Reached skill level 10 in Invocations
 37525 | Spider:4 | Reached XP level 17. HP: 89/89 MP: 31/31
 37637 | Spider:4 | Reached skill level 5 in Shields
 37813 | Spider:3 | Reached skill level 10 in Spellcasting
 38074 | Spider:3 | Received a gift from Okawaru
 38700 | Shoals:1 | Entered Level 1 of the Shoals
 39059 | Shoals:1 | Noticed Mlioglotl
 39287 | Shoals:1 | Killed Mlioglotl
 39646 | Shoals:1 | Identified the +0 kite shield of Tibaeron {rPois Regen+
                  | Dex+6 Stlth-}
 39646 | Shoals:1 | Noticed Donald
 39653 | Shoals:1 | Killed Donald
 39890 | Shoals:1 | Reached skill level 18 in Stealth
 39934 | Shoals:1 | Received a gift from Okawaru
 41032 | Shoals:2 | Noticed Ilsuiw
 41224 | Shoals:2 | Noticed Polyphemus
 41263 | Shoals:1 | Received a gift from Okawaru
 41540 | Shoals:2 | Killed Ilsuiw
 41736 | Shoals:2 | Killed Polyphemus
 41858 | Shoals:2 | Found Xyaroaps's Overcharged Wands.
 41877 | Shoals:2 | Noticed Aizul
 42157 | Shoals:2 | Killed Aizul
 42317 | Shoals:2 | Noticed Louise
 42333 | Shoals:2 | Killed Louise
 42528 | Shoals:3 | Found Ataumomp's Jewellery Shoppe.
 42675 | Shoals:3 | Identified the +2 cloak "Ownyuce" {Stlth+}
 42817 | Shoals:3 | Identified the +3 hat "Deabanac" {Dex+4} (Okawaru gifted it
                  | to you on level 3 of the Shoals)
 42817 | Shoals:3 | Received a gift from Okawaru
 42940 | Shoals:3 | Noticed Jorgrun
 42946 | Shoals:3 | Killed Jorgrun
 43078 | Shoals:3 | Reached XP level 18. HP: 95/95 MP: 33/33
 43719 | Shoals:4 | Entered Level 4 of the Shoals
 44009 | Shoals:4 | Reached skill level 19 in Stealth
 44049 | Shoals:4 | Found Obbopat's Jewellery Boutique.
 44058 | Shoals:4 | Bought the ring "Xuin" {Will+ rCorr EV+4} for 867 gold
                  | pieces
 44225 | Shoals:4 | Identified the +10 arbalest of Gahoh {penet, Contam rCorr
                  | Str+3}
 45182 | Shoals:4 | Identified the +3 hat "Ocheatack" {Regen+ Int+8 SInv
                  | Stlth-} (Okawaru gifted it to you on level 4 of the Shoals)
 45182 | Shoals:4 | Received a gift from Okawaru
 45209 | Shoals:4 | Got a barnacled rune of Zot
 45369 | Shoals:4 | Reached skill level 15 in Translocations
 45375 | Shoals:4 | Identified the +11 great sword of a volcano {vorpal, rElec}
 46009 | Spider:4 | Learned a level 2 spell: Wereblood
 46012 | Spider:4 | Learned a level 2 spell: Passwall
 46117 | Spider:4 | Reached skill level 1 in Transmutations
 46166 | Spider:4 | Noticed Mara
 46180 | Spider:4 | Noticed wormed's illusion
 46188 | Spider:4 | Killed Mara
 46408 | Spider:4 | Reached skill level 20 in Stealth
 46452 | Spider:4 | Identified the +2 robe "Xarphet" {+Blink rN+++ Dex-5 SInv}
                  | (Okawaru gifted it to you on level 4 of the Spider Nest)
 46452 | Spider:4 | Received a gift from Okawaru
 46568 | Spider:4 | Got a gossamer rune of Zot
 46569 | Spider:4 | Identified the +2 hat "Ixastug" {Harm SInv}
 47146 | Elf:1    | Entered Level 1 of the Elven Halls
 47224 | Elf:1    | Identified the +7 triple sword of Wyrd {flame, Fragile
                  | rElec Str+2 Dex+5}
 47287 | Elf:1    | Reached XP level 19. HP: 101/101 MP: 34/34
 47687 | Elf:1    | Reached skill level 5 in Transmutations
 47907 | Elf:1    | Identified the +1 buckler of the Endless Expanse {Dex+4}
                  | (Okawaru gifted it to you on level 1 of the Elven Halls)
 47907 | Elf:1    | Received a gift from Okawaru
 47979 | Elf:1    | Identified the ring "Ipnud" {AC+4 Dex+2}
 48762 | Elf:2    | Noticed Asterion
 48768 | Elf:2    | Killed Asterion
 48820 | Elf:2    | Found a runed translucent gate.
 48820 | Elf:2    | Found a runed translucent gate.
 48820 | Elf:2    | Found a runed translucent gate.
 49000 | Elf:2    | Learned a level 6 spell: Statue Form
 49042 | Elf:2    | Reached skill level 21 in Stealth
 49069 | Elf:2    | Reached skill level 1 in Earth Magic
 49525 | Elf:2    | Received a gift from Okawaru
 49614 | Elf:3    | Entered Level 3 of the Elven Halls
 49725 | Elf:3    | Identified the +1 ring mail of Salvation {rPois Dex+4}
 50328 | Elf:3    | Paralysed by an air elemental for 1 turns
 50333 | Elf:3    | Reached XP level 20. HP: 103/107 MP: 35/35
 50435 | Elf:3    | Reached skill level 5 in Earth Magic
 50827 | Elf:3    | Identified the amulet "Ajogaxunt" {Acrobat rPois rN+
                  | Stlth+}
 50871 | Elf:3    | Identified the +1 robe of the Sea {rPois rF+ Archmagi}
                  | (Okawaru gifted it to you on level 3 of the Elven Halls)
 50871 | Elf:3    | Received a gift from Okawaru
 51074 | Elf:3    | Acquired the +1 hat "Yhacycha" {rC+ Dex+3 Slay+2 Stlth+}
 51154 | Elf:3    | Identified the +9 rapier of Cobwebs {flame, rElec Will+
                  | Str+3}
 51237 | Elf:3    | Got Miniorus's Enchiridion on the Shocking Voyage
 51238 | Elf:3    | Identified the +3 trident of Resourcefulness {pain, +Blink
                  | Str+8}
 51245 | Elf:3    | Identified the +7 arbalest of the Enchanted Forest {vorpal,
                  | Int+4}
 51254 | Elf:3    | Got the Papyrus of Charms and Kindling
 51637 | Vaults:1 | Entered Level 1 of the Vaults
 52203 | Vaults:1 | Identified the +1 ring mail "Wodouhun" {+Inv Regen+ Dex+4}
 53008 | Vaults:1 | Reached skill level 10 in Transmutations
 53553 | Vaults:1 | Reached skill level 10 in Earth Magic
 53933 | Vaults:2 | Received a gift from Okawaru
 54047 | Vaults:2 | Reached XP level 21. HP: 112/112 MP: 36/36
 55256 | Vaults:2 | Found a staircase to the Crypt.
 55923 | Vaults:3 | Identified the +0 cloak "Nunieph" {rElec rN+ Int+3 Dex-3
                  | Stlth+} (Okawaru gifted it to you on level 3 of the Vaults)
 55923 | Vaults:3 | Received a gift from Okawaru
 58206 | Vaults:4 | Learned a level 1 spell: Apportation
 58211 | Vaults:4 | Learned a level 4 spell: Petrify
 58217 | Vaults:4 | Learned a level 5 spell: Lee's Rapid Deconstruction
 58222 | Vaults:4 | Learned a level 4 spell: Passage of Golubria
 58296 | Vaults:4 | Identified the +10 halberd "Gacur" {spect, Dex+3}
 59662 | Vaults:4 | Identified the +3 buckler of Refuge {rF+ Regen+} (Okawaru
                  | gifted it to you on level 4 of the Vaults)
 59662 | Vaults:4 | Received a gift from Okawaru
 59689 | Vaults:5 | Entered Level 5 of the Vaults
 60266 | Vaults:5 | Reached XP level 22. HP: 67/116 MP: 37/37
 60333 | Vaults:5 | Noticed a dread lich
 60344 | Vaults:5 | Killed a dread lich
 60460 | Vaults:5 | Identified the +6 short sword of the Bedazzling Jester
                  | {chaos, *Slow Str+2 Int+2}
 60527 | Vaults:5 | Identified the ring "Linyf" {Ice Will+ Int+3}
 60883 | Vaults:5 | Reached skill level 15 in Evocations
 61144 | Vaults:5 | Identified the ring of the Real Monster {rPois rF+ Str+6}
 62038 | Vaults:5 | HP: 4/116 [deep elf high priest/divine providence (13)]
 62098 | Vaults:5 | Identified the ring of Qeps {Wiz Will++ Str+4 Stlth-}
 62103 | Vaults:5 | Reached skill level 22 in Stealth
 62358 | Vaults:5 | Received a gift from Okawaru
 62990 | Vaults:5 | Noticed a golden dragon
 63000 | Vaults:5 | Killed a golden dragon
 63101 | Vaults:5 | Got a silver rune of Zot
 65206 | Depths:1 | Entered Level 1 of the Depths
 65300 | Depths:1 | Identified the +1 robe "Byafuemei" {Drain rF++} (Okawaru
                  | gifted it to you on level 1 of the Depths)
 65300 | Depths:1 | Received a gift from Okawaru
 65409 | Depths:1 | Found Awoepon's Self-Improvement Boutique.
 65415 | Depths:1 | Bought a manual of Fighting for 1440 gold pieces
 65415 | Depths:1 | Bought a manual of Dodging for 1440 gold pieces
 65415 | Depths:1 | Bought a manual of Ranged Weapons for 1440 gold pieces
 65431 | Depths:1 | Reached skill level 23 in Stealth
 66163 | Depths:1 | Found a runed translucent door.
 66165 | Depths:1 | Noticed Duxuir's ghost (adept MiBe)
 66175 | Depths:1 | Found a one-way gateway to a ziggurat.
 66557 | Depths:1 | Found a one-way gate leading to the halls of Pandemonium.
 67618 | Depths:1 | Reached XP level 23. HP: 123/123 MP: 40/40
 68323 | Depths:1 | Identified the +7 long sword "Teph" {vorpal, Fly rF+}
 68325 | Depths:1 | Reached XP level 24. HP: 129/129 MP: 40/40
 68347 | Depths:1 | Found a gateway to Hell.
 68664 | Depths:1 | Killed Duxuir's ghost
 69506 | Depths:2 | Found Raichot's General Store.
 69623 | Depths:2 | Found Ebaed's Jewellery Shoppe.
 69623 | Depths:2 | Found Taimeodu's Book Emporium.
 69626 | Depths:2 | Found Hipn's Antique Weapon Shoppe.
 69747 | Depths:2 | HP: 2/130 [spriggan air mage/the air (22)]
 70547 | Depths:2 | Demolished by a spriggan rider

Illustrated notes

Levels and vault maps discovered:
D:1:      wander_arrival_estate, layout_basic, st_stairs_6
D:2:      layout_loops_ring, ebering_ecumenical_altar_hall,
          minmay_split_cup_large
D:3:      kennysheep_slugbush, layout_rooms, overflow_temple_1_default,
          serial_shops, nicolae_shop_bloodbath_and_beyond,
          gammafunk_ghost_split, hangedman_decor_push, kennysheep_path_1,
          hangedman_decor_points, st_stairs_11, chequers_serial_rivers_micro_b,
          uniq_terence
D:4:      layout_rooms, xom_confusion_cloud, nicolae_dithmenos_shadow_blocks,
          serial_shops, shop, uniq_blork_the_orc, uniq_robin
D:5:      layout_basic, mainiacjoe_overflow_alcove_2,
          minmay_temple_entry_sparse_star, uniq_prince_ribbit1
D:6:      kb_forest_paths, layout_loops_corners, uniq_menkaure, uniq_duvessa
D:7:      layout_gridville, nicolae_hepliaklqana_monster_ancestors,
          mainiacjoe_overflow_alcove_4, enter_bailey_4, minmay_puff
D:8:      layout_layer_cave, general_overflow_altar, kennysheep_mini_moat,
          kiku_gazebo_pond_becter, serial_shops, nicolae_shop_hallway_stairs,
          uniq_joseph
D:9:      layout_roguey, mainiacjoe_overflow_six_doors_small, fedhas_altar_4,
          orc_0_dummy, serial_shops, nicolae_shop_overgrown_old_shop,
          uniq_maurice, uniq_erolcha
D:10:     layout_basic, lemuel_coloured_pillars_altar,
          grunt_lair_entry_orc_guard_hut, chequers_serial_rivers_small_3
D:11:     layout_gridville, serial_nicolae_subway, nicolae_sub_station_metal,
          nicolae_sub_station_stone, nicolae_sub_station_crystal, uniq_urug,
          uniq_psyche
D:12:     lemuel_vampire_tower, layout_long_grid
D:13:     layout_cave_pools, lightli_vaults_fourway_checkpoint,
          trove_entry_hex_spiral, serial_column_ruins, column_ruins_hut,
          column_ruins_columns_dead_end, column_ruins_columns_straight,
          column_ruins_columns_straight, column_ruins_columns_straight,
          column_ruins_open_tiny, column_ruins_columns_straight,
          column_ruins_open_tiny, drop_trap, uniq_josephine, uniq_sonja
D:14:     layout_roguey, serial_shops, shop, special_room
          [special_room_mythical_zoo], uniq_rupert
D:15:     grunt_enter_depths_giant_problem, layout_stronghold,
          gauntlet_entry_generic
Temple:   hellmonk_temple_flake
Lair:1:   layout_cave_pods, lemuel_centaur_altar, uniq_gastronok
Lair:2:   statuecave_lemuel, layout_chaotic_city, minmay_shoals_entry_centaurs,
          nicolae_spider_entry_orb_guardian
Lair:3:   layout_misc_corridors, serial_bayou_shore_a
Lair:4:   layout_concentric_octagons, slime_entry_1
Lair:5:   due_jungle_book, layout_regular_city
Shoals:1: cheibrodos_shoals_three_sisters, layout_shoals,
          nicolae_shoals_siren_and_animal_friends, uniq_mlioglotl, uniq_donald
Shoals:2: layout_shoals, nicolae_shop_overcharged_wands, uniq_polyphemus,
          uniq_louise, uniq_ilsuiw, uniq_aizul
Shoals:3: layout_shoals, serial_shops, shop, uniq_jorgrun
Shoals:4: shoals_end_hangedman, layout_shoals, serial_shops,
          nicolae_lakefront_shop, nicolae_shoals_aquamancer_cove
Spider:1: layout_spider_delve, nicolae_spider_scorpion_nest
Spider:2: layout_cave_pods
Spider:3: layout_spider_delve, gammafunk_ghost_split
Spider:4: grunt_spider_rune_parallel, nicolae_spider_not_touching_you, uniq_mara
Orc:1:    layout_caves, serial_shops, shop
Orc:2:    grunt_orc_gardens, layout_caves, grunt_orc_garden, grunt_orc_garden,
          grunt_orc_garden, grunt_orc_garden
Elf:1:    minmay_the_grid_square_5x5_5x5_mashed
          [minmay_the_grid_square_5x5_three_walls,
          minmay_the_grid_square_5x5_bite, minmay_the_grid_square_5x5_longway,
          minmay_the_grid_square_5x5_doubleslash,
          minmay_the_grid_square_5x5_misaligned,
          minmay_the_grid_square_5x5_lines,
          minmay_the_grid_square_5x5_prize_monsterx,
          minmay_the_grid_square_5x5_three_small,
          minmay_the_grid_square_5x5_prize_rear_guard,
          minmay_the_grid_square_5x5_almost_minimal,
          minmay_the_grid_square_5x5_minivault, minmay_the_grid_square_5x5_v,
          minmay_the_grid_square_5x5_prize_snowflake,
          minmay_the_grid_square_5x5_inverted_slash,
          minmay_the_grid_square_5x5_checkered,
          minmay_the_grid_square_5x5_forky,
          minmay_the_grid_square_5x5_prize_deathbox,
          minmay_the_grid_square_5x5_eight_small,
          minmay_the_grid_square_5x5_prize_open,
          minmay_the_grid_square_5x5_n_small,
          minmay_the_grid_square_5x5_two_walls_b,
          minmay_the_grid_square_5x5_inset, minmay_the_grid_square_5x5_z,
          minmay_the_grid_square_5x5_comb,
          minmay_the_grid_square_5x5_gyroscope], layout_loops_corners,
          minmay_elf_demonology
Elf:2:    elven_hall_of_blades_hangedman_original [mumra_blade_entry_dagger],
          layout_onion_city, lemuel_upstairs_altar, uniq_asterion
Elf:3:    elf_hall_gauntlet_narrow, layout_geoelf_diagonals
Vaults:1: v_alt_pattern_6, ontoclasm_vaults_twist, ontoclasm_vaults_eye,
          nicolae_vaults_border_crossing, nicolae_vaults_mini_display_case,
          layout_vaults_quadrants
Vaults:2: vaults_room_hangedman_quadrants, blue_anna_dwarven_crypt, v_pattern_1,
          grunt_vaults_diagonal, ontoclasm_vaults_chip,
          vaults_dpeg_encased_lava, ontoclasm_vaults_ligature,
          hangedman_vaults_capsules, vaults_room_pools, grunt_vaults_twisty,
          ontoclasm_vaults_gateway, nicolae_vaults_three_branches,
          layout_vaults_ring
Vaults:3: nicolae_vaults_disjoint_gnomons, v_misc_15, nicolae_vaults_theta,
          vaults_dpeg_doors, hangedman_vaults_cutoff, v_misc_25,
          ontoclasm_vaults_decontamination, v_misc_24, nicolae_vaults_little_ls,
          vaults_room_fours, vaults_dpeg_ring, layout_vaults_big_room
Vaults:4: v_misc_33, nicolae_vaults_ninety_degrees,
          nicolae_vaults_quartermaster, vaults_dpeg_cross, v_misc_13,
          hangedman_vaults_restitches, v_misc_19, v_misc_15, vaults_mumra_hex,
          ontoclasm_vaults_ring_square, layout_vaults_omnicross
Vaults:5
Depths:1: nooodl_glass_maze, layout_gridlike, enter_ziggurat_c, pan_entry,
          grunt_hell_horde, gammafunk_ghost_grave,
          ebering_dispersal_statue_hall, nicolae_shop_self_help
Depths:2: kennysheep_blocky_hall, layout_gridlike, pan_entry,
          hangedman_coc_ice_floe, grunt_decor_junction, minmay_staircase_bubble,
          minmay_shoptagon

Skill      XL: |  1  2  3  4  5  6  7  8  9 10 11 12 13 14 15 16 17 18 19 20 21 22 23 24 |
---------------+-------------------------------------------------------------------------+-----
Stealth        | 2 3 4 5 6 8 10 11 12 13 14 15 17 18 20 21 23 | 23.8
Dodging        | 3 4 5 6 7 8 10 11 12 13 14 15 16 17 18 20 21 | 21.4
Fighting       | 2 3 4 5 6 7 8 9 10 11 12 13 14 | 14.5
Ranged Weapons | 5 6 7 8 10 11 12 13 14 15 16 17 18 19 | 19.0
Translocations | 1 4 7 9 10 12 13 14 15 16 | 16.0
Evocations     | 1 4 6 8 9 10 12 13 15 | 15.0
Spellcasting   | 1 4 5 6 7 8 9 10 12 | 12.0
Invocations    | 3 4 6 7 8 10 11 12 | 12.0
Shields        | 4 6 7 |  7.2
Transmutations | 4 6 11 13 14 | 14.0
Earth Magic    | 4 10 13 | 13.0

Action                   |  1- 3 |  4- 6 |  7- 9 | 10-12 | 13-15 | 16-18 | 19-21 | 22-24 || total
-------------------------+-------+-------+-------+-------+-------+-------+-------+-------++-------
 Fire: Shortbow          |    91 |   268 |   506 |   614 |  1807 |   298 |       |       ||  3584
       Arbalest          |       |       |    47 |    69 |       |   401 |  1375 |   828 ||  2720
       Hand crossbow     |       |       |       |       |       |   896 |       |       ||   896
 Cast: Dispersal         |       |       |       |       |     1 |     1 |     2 |    18 ||    22
       Blink             |       |       |       |       |       |     3 |     3 |     4 ||    10
       Wereblood         |       |       |       |       |       |     1 |       |     1 ||     2
       Statue Form       |       |       |       |       |       |       |     9 |     2 ||    11
Invok: Finesse           |       |       |       |       |       |     2 |       |       ||     2
Evoke: Wand              |       |       |     2 |       |       |       |       |       ||     2
  Use: Potion            |       |     2 |     4 |     1 |     3 |     6 |     3 |    17 ||    36
       Scroll            |       |       |     6 |    10 |    11 |     9 |     4 |     7 ||    47
Armor: Robe              |     1 |     6 |     4 |    18 |    54 |    35 |     8 |     6 ||   132
       Skin              |       |       |       |       |       |       |     3 |     1 ||     4
Dodge: Dodged            |    23 |   150 |   219 |   252 |   577 |   605 |   577 |   293 ||  2696
Block: Buckler           |       |       |       |       |       |   108 |       |       ||   108
